[Event "SixDays Budapest January-IMA 2023"]
[Site "Budapest"]
[Date "2023.01.24"]
[Round "3.1"]
[White "Polyik, Peter"]
[Black "Ongut, Tamas Gunes"]
[Result "1/2-1/2"]
[ECO "B00"]
[WhiteElo "2323"]
[BlackElo "2340"]
[Annotator "TA"]
[PlyCount "114"]
[EventDate "2023.01.23"]
[EventType "tourn"]
[EventCountry "HUN"]
[SourceTitle "playchess.com"]
[Source "ChessBase"]
[SourceQuality "1"]
[TimeControl "5400+30"]

1. e4 Nc6 2. d4 d5 3. e5 Bf5 4. c3 f6 5. f4 Nh6 6. Nd2 {[%emt 0:03:52] B00: Queen's Fianchetto Defence, Nimzowitsch Defence.} e6 7. Ndf3 Be7 8. Bd3 {[%emt 0:01:33] White is slightly better.} fxe5 9. fxe5 O-O 10. Ne2 Bxd3 11. Qxd3 Nf5 (11... Qe8 $142) 12. O-O (12. h4 $1 $16) 12... Qd7 13. Bd2 {[%emt 0:02:14] [#]} (13. Ng5 $16) 13... Na5 $146 ({Predecessor:} 13... Rf7 14. g4 Nh4 15. Ng5 Bxg5 16. Bxg5 Ng6 17. Rxf7 Qxf7 18. Rf1 Qd7 19. h4 Rf8 {1-0 Ermenkov,E (2460)-Knaak,R (2495) Berlin East DSV 1982 (13)}) 14. Rad1 (14. g4 {is interesting.} Nh4 15. Ng5 Ng6 16. b3) 14... c5 15. dxc5 Bxc5+ 16. Ned4 Nc6 17. g4 (17. Kh1 $11 {keeps the balance.}) 17... Nfxd4 $17 18. cxd4 {[%emt 0:00:22] [#]} Rxf3 $1 {[%emt 0:15:48][%mdl 64] Deflection} 19. Qxf3 Bxd4+ 20. Kh1 Nxe5 (20... Bxb2 $17 21. Bc3 Bxc3 22. Qxc3 d4) 21. Qe2 $1 $11 Nc6 {[%emt 0:01:15] Inhibits Bb4.} (21... Bxb2 $2 22. Bf4 $18) (21... Nf7 $5 ) 22. Bc3 Bc5 23. Rf3 ({Better is} 23. a3 $11) 23... Re8 24. Rh3 d4 (24... g6 {simplifies} 25. Rhd3 Bb6 26. Bf6 d4) 25. Qe4 Qd5 26. Qxd5 exd5 27. Re1 Re3 28. Rhxe3 (28. Rexe3 $1 $11 dxe3 29. Rh5) 28... dxe3 {[%emt 0:00:06][%mdl 4096] Endgame KRB-KBN} 29. b4 $1 Bb6 ({Don't play} 29... Bxb4 30. Bxb4 Nxb4 31. Rxe3 $16) (29... d4 30. bxc5 dxc3 31. Rxe3 $16) 30. b5 Ne7 (30... Nd8 $17 {And now ...d4 would win.} 31. Kg2 (31. Rd1 d4 $17) 31... d4) 31. Bb4 (31. Rd1 $1 $15) 31... Ng6 $19 32. a4 $2 (32. Rf1) 32... Nf4 $1 33. a5 Bd4 34. Bd6 g5 35. h4 {[%emt 0:00:53] [#]} h6 ({Inferior is} 35... Nd3 36. Re2 $17) 36. hxg5 hxg5 37. Be7 $2 {[%emt 0:00:24] [#]} (37. a6 bxa6 38. bxa6) 37... e2 $1 {[%emt 0:00:16] Hoping for ...Bc3.} 38. Bxg5 Bf2 $2 (38... Bc3 39. a6 bxa6 40. Rxe2 Nxe2 41. bxa6 Kf7) 39. Rb1 e1=Q+ 40. Rxe1 Bxe1 41. Bxf4 {[%emt 0:00:14] aiming for a6.} Bxa5 {[%emt 0:00:09] KB-KB} 42. Kg2 Kf7 $2 (42... Bc3 $19 {...a5 would be deadly.} 43. Kf3 a5 44. bxa6 bxa6) 43. Kf3 $11 Bc3 44. Ke3 Ke6 45. Kd3 $1 {[%emt 0:00:04] Black must now prevent b6.} Bf6 46. Be3 a6 47. bxa6 bxa6 {[%emt 0:00:05] Strongly threatening ...a5.} 48. Bb6 Be5 49. Bd8 Kd7 50. Ba5 Bf6 51. Bd2 Ke6 52. Ba5 Kf7 53. Bb6 Kg6 {[%emt 0:00:08] ...Kg5 is the strong threat.} 54. Ke3 Bc3 (54... Kg5 $15 55. Kf3 Be5) 55. Bd4 {[%emt 0:00:13] The position is equal.} Bb4 {[%emt 0:00:15] Threatens to win with ...a5.} 56. Bb6 Kf6 57. g5+ Ke5 {Black had all chances to win.   Weighted Error Value: White=0.36/Black=0.27 (precise)} (57... Ke6 $5 ) 1/2-1/2

[Event "SixDays Budapest January-IMA 2023"]
[Site "Budapest"]
[Date "2023.01.24"]
[Round "3.2"]
[White "Taragan, Uri"]
[Black "Leszko, Bence"]
[Result "0-1"]
[ECO "D07"]
[WhiteElo "1733"]
[BlackElo "2298"]
[Annotator "TA"]
[PlyCount "56"]
[EventDate "2023.01.23"]
[EventType "tourn"]
[EventCountry "HUN"]
[SourceTitle "playchess.com"]
[Source "ChessBase"]
[SourceQuality "1"]
[TimeControl "5400+30"]

1. d4 d5 2. c4 Nc6 3. Nc3 e6 4. cxd5 exd5 5. Bf4 Nf6 6. e3 {[%emt 0:01:04] D31: Queen's Gambit Declined: Semi-Slav without ...Nf6 (+ Marshall Gambit and Noteboom) and Exchange Variation lines without ...Nf6.} Bd6 7. Bxd6 Qxd6 8. a3 {[%emt 0:02:35] White has an edge.} O-O 9. Bd3 Re8 10. Nge2 {[%emt 0:05:47] [#]} Ne7 $146 ({Predecessor:} 10... Ng4 11. Ng3 Nxd4 12. Bxh7+ Kxh7 13. Qxd4 c6 14. h3 Nf6 15. O-O Rh8 16. e4 Qf4 {1-0 Manrique Bermudez,J (1454)-Gonzalez Patino,E Medellin U2000 op 2022 (2)}) 11. Qc2 {[%emt 0:01:09] [#] Hoping for Nb5.} c6 {[%emt 0:00:14] Against Nb5} 12. Nf4 Ng6 13. Nxg6 hxg6 14. h3 b6 15. b4 a5 16. Rb1 axb4 17. axb4 Bd7 18. O-O Qe7 19. Na4 Reb8 20. b5 cxb5 {[%emt 0:00:25][%mdl 64] [#] Deflection} 21. Bxb5 (21. Nc3 $11 {and White has nothing to worry.}) 21... Bf5 $19 {[%emt 0:00:06][%mdl 64] Skewer} 22. e4 dxe4 {[%emt 0:03:31] And now ...e3 would win.} 23. Rbc1 Ra5 24. Qb2 (24. Nc3 $142) 24... Nh5 {[%emt 0:02:42][%cal Of5h3,Bf6h5,Bh5f4,Bf4d5,Bd5f4,Bf4d3][%mdl 32] White must now prevent ...Bxh3!} 25. d5 (25. Rc3 $142) 25... Nf4 26. Kh1 $2 (26. Rc3) 26... Nxd5 {[%emt 0:02:28] Strongly threatening ...Qh4.} 27. Rfd1 Nf4 28. Rc3 $2 (28. Qb3) 28... Nd3 {[%emt 0:01:07] Weighted Error Value: White=0.47/Black=0.19 (very precise)} 0-1

[Event "SixDays Budapest January-IMA 2023"]
[Site "Budapest"]
[Date "2023.01.24"]
[Round "3.3"]
[White "Szeberenyi, Adam"]
[Black "Ihnat, Marek"]
[Result "1-0"]
[ECO "D11"]
[WhiteElo "2331"]
[BlackElo "2138"]
[Annotator "TA"]
[PlyCount "91"]
[EventDate "2023.01.23"]
[EventType "tourn"]
[EventCountry "HUN"]
[SourceTitle "playchess.com"]
[Source "ChessBase"]
[SourceQuality "1"]
[TimeControl "5400+30"]

1. Nf3 Nf6 2. c4 c6 3. d4 d5 4. e3 g6 5. Nc3 Bg7 6. cxd5 cxd5 7. Bb5+ Bd7 8. Qb3 {[%emt 0:00:13] D94: Grünfeld: 4 Nf3 Bg7 5 e3.} e6 9. Bxd7+ Qxd7 10. Ne5 {[%emt 0:00:22] The position is equal.} Qc7 11. Qa3 {[%emt 0:04:59] Threatens to win with Nb5.} Bf8 12. Qa4+ Nc6 13. Bd2 Be7 {[%emt 0:01:23] [#]} 14. Rc1 $146 ({Predecessor:} 14. O-O O-O 15. Nxc6 bxc6 16. Rac1 Rfc8 17. Nb1 a5 18. Rc2 Ng4 19. g3 Nf6 20. Rfc1 {1-0 Agrest,E (2475)-Kolesar,M (2270) Oberwart op 1994 (3)}) 14... O-O 15. Ne2 Rfc8 16. Nxc6 bxc6 17. Bb4 Rab8 18. Bxe7 Qxe7 19. b3 c5 20. O-O Qd7 21. Rxc5 Qxa4 22. bxa4 Rxc5 23. dxc5 $11 {[%emt 0:00:03][%mdl 4096] Endgame KRN-KRN} Rb2 24. Nd4 Rxa2 25. c6 {[%emt 0:01:35] Against Nd7. Black must now prevent c7.} Rxa4 {[%emt 0:01:09] White now steadily converts the win.} (25... Ne8 $11 {remains equal.}) 26. Rc1 $16 {[%emt 0:00:21] Strongly threatening c7.} Ne8 27. Nb5 $1 (27. c7 Nxc7 28. Kf1 Ne8 $17) 27... Rc4 $2 (27... Rb4 28. c7 (28. Nxa7 Rb8 $15) 28... Nxc7 29. Nxc7 Kf8) 28. Rxc4 $18 dxc4 {[%emt 0:00:07] KN-KN} 29. Kf1 $1 (29. Nxa7 $2 {too greedy.} c3 30. h4 c2 $19) (29. c7 $2 Nxc7 30. Na3 (30. Nxc7 $2 c3 $19) 30... c3 $19) 29... Kf8 {[%emt 0:03:21] [#] Hoping for ...Ke7.} 30. c7 $1 ({Worse is} 30. Nxa7 Ke7 $11) 30... Nxc7 31. Nxc7 {[%emt 0:00:02] KN-KP} Ke7 32. Nb5 a6 33. Na3 Kd6 34. Nxc4+ Kc5 35. Ne5 Kb4 $2 (35... f5 36. Ke2 Kd5) 36. Ke2 Kc3 (36... f6 $142) 37. Nxf7 a5 38. Nd6 a4 39. Nb5+ Kc4 {[%emt 0:00:30] [#]} 40. Nd4 a3 (40... e5 $142 41. Nc2 Kc3) 41. Nc2 (41. Nxe6 $2 {is the wrong capture.} a2 42. Ng5 a1=Q $19) 41... a2 42. Kd2 Kb3 43. f4 h5 44. Kd3 h4 45. g4 h3 46. e4 {[%emt 0:00:13] Weighted Error Value: White=0.07 (flawless) /Black=0.31} 1-0

[Event "SixDays Budapest January-IMA 2023"]
[Site "Budapest"]
[Date "2023.01.24"]
[Round "3.4"]
[White "Heimisson, Hilmir Freyr"]
[Black "Orso, Miklos"]
[Result "1-0"]
[ECO "B22"]
[WhiteElo "2321"]
[BlackElo "2256"]
[Annotator "TA"]
[PlyCount "147"]
[EventDate "2023.01.23"]
[EventType "tourn"]
[EventCountry "HUN"]
[SourceTitle "playchess.com"]
[Source "ChessBase"]
[SourceQuality "1"]
[TimeControl "5400+30"]

1. e4 c5 2. c3 Nf6 3. e5 Nd5 4. Nf3 Nc6 5. Bc4 Nb6 6. Bb3 c4 7. Bc2 g6 {[%emt 0:01:31] 7...d6 is a critical line.} 8. O-O Bg7 9. Qe2 O-O {[%emt 0:03:09] B22: Sicilian: 2 c3.} (9... d5 $11 {might be stronger.}) 10. Na3 $14 a6 11. Re1 Na5 {[%emt 0:02:51] [#] White is slightly better.} 12. d3 $146 ({Predecessor:} 12. b4 cxb3 13. axb3 Qc7 14. Bb2 Nd5 15. Qe4 e6 16. Nc4 Nxc4 17. bxc4 Nb6 18. Ba3 {1-0 Smirnova,E (1778)-Matsenko,E (2049) Kostroma Volga Cup op 2009 (4)}) 12... cxd3 13. Bxd3 d5 14. h3 Qc7 15. Nc2 Nc6 16. Bf4 f6 (16... Na4 $14) 17. exf6 {[%emt 0:14:34][%mdl 64] [#] Discovered Attack. White is more active.} Qxf4 18. fxg7 Kxg7 19. Ncd4 Nxd4 20. Nxd4 (20. cxd4 Bxh3 21. Qxe7+ Kg8 $14) 20... Rf7 (20... Re8 $16 {is a better defense.}) 21. a4 $18 a5 22. Bb5 Kf8 23. Rad1 e5 24. Qxe5 $40 {[%emt 0:02:58][%cal Re5h8][%mdl 128] [#] White attacks with force.} Qxf2+ $2 (24... Qxe5 25. Rxe5 Re7) 25. Kh1 Qf6 {[%emt 0:00:12] Dodges Qh8+} 26. Qe3 Bf5 27. Rf1 (27. Nxf5 $6 gxf5 28. Qf4 Kg8 $18) 27... Kg7 $2 (27... Kg8 {was worth a try.} 28. Nxf5 gxf5) 28. Rde1 (28. Rxf5 gxf5 29. Ne6+ Kh8 $18) 28... Qd6 29. Nxf5+ gxf5 30. Qd4+ Qf6 31. Re5 (31. Rxf5 Qxd4 32. Rxf7+ Kxf7 $16) 31... f4 32. Rf5 $2 (32. g3 $18 {[%cal Rf1f4] and White stays clearly on top.} f3 33. Qg4+ (33. Rg5+ Kh8 $16) 33... Kh8 34. Re6) 32... Qxd4 $16 33. Rxf7+ Kxf7 34. cxd4 {[%emt 0:00:01][%mdl 4096] Endgame KRB-KRN} Kg7 35. Rxf4 Rc8 36. Rf3 Rc1+ 37. Kh2 Rd1 38. Rc3 Rxd4 39. b3 Rf4 40. Kg3 (40. Bd3 $16) 40... Rf7 {[%emt 0:00:33] Wards off Rc7} (40... Rb4 $1 $11 {remains equal.}) 41. Rd3 (41. Be2 $16) 41... Rf5 42. Kg4 (42. Kh4 $16) 42... Kf6 $11 43. Rc3 h5+ 44. Kg3 Rg5+ 45. Kf3 h4 {[%emt 0:00:17] ...Rg3+ is the strong threat.} 46. Kf2 {[%emt 0:00:40] Wards off Rg3} Rg7 47. Be2 Ke5 48. Rc5 Nd7 49. Rxa5 {[%emt 0:00:21] Threatens to win with Bf3.} Nf6 50. Bf3 Kd4 51. Ra7 Ne4+ 52. Ke2 Nc3+ 53. Kd2 Rc7 54. Ra8 Nb1+ 55. Kd1 Nc3+ 56. Kd2 Nb1+ 57. Kd1 Nc3+ 58. Ke1 Ne4 59. Rd8 Rc1+ 60. Ke2 Rc2+ 61. Kd1 Rb2 62. Rh8 (62. Bxe4 $11 {keeps the balance.} Kxe4 63. Kc1 Rxg2 64. Rh8) 62... Rxb3 ({Black should play} 62... Nc3+ $17 63. Kc1 Rf2) 63. Rxh4 Kd3 64. Be2+ Ke3 65. Bb5 $2 (65. Bf3 $11) 65... d4 $2 (65... Rc3 $19 {( -> ...Nf2+)} 66. Rxe4+ Kxe4) 66. Kc2 $1 $15 Rc3+ {[%emt 0:01:46][%mdl 1024] Black has compensation.} 67. Kb2 Rc7 {[%emt 0:00:08] Repels Rh7} 68. Rh8 Rf7 {[%emt 0:01:45] Inhibits Rf8.} (68... d3 $5 69. Rd8 Rc2+ 70. Kb3 Nc5+ 71. Kb4 d2 $17) 69. g4 Rf2+ 70. Kb3 ({Don't go for} 70. Kc1 $2 d3 71. Bxd3 Kxd3 72. Rd8+ Kc4 73. Rc8+ Nc5 $19) 70... b6 (70... d3 $15 71. Rd8 d2) 71. Rd8 (71. Re8 $5 Rf6 72. Bd7 $14 (72. g5 Rd6 $11)) 71... Rh2 72. Re8 {[%emt 0:00:24] Black must now prevent Bc6.} Rxh3 73. Kc4 Rh2 $2 (73... d3 $2 74. Kd5 $18) (73... Rh6 $11 74. Bd7 (74. g5 Rd6 $15) 74... Kf4) 74. Kd5 {[%emt 0:00:29] A wild game.   Weighted Error Value: White=0.25 (precise) /Black=0.31} 1-0

[Event "SixDays Budapest January-IMA 2023"]
[Site "Budapest"]
[Date "2023.01.24"]
[Round "3.5"]
[White "Magold, Filip"]
[Black "Baski, Barnabas"]
[Result "1-0"]
[ECO "C97"]
[WhiteElo "2230"]
[BlackElo "2188"]
[Annotator "TA"]
[PlyCount "117"]
[EventDate "2023.01.23"]
[EventType "tourn"]
[EventCountry "HUN"]
[SourceTitle "playchess.com"]
[Source "ChessBase"]
[SourceQuality "1"]
[TimeControl "5400+30"]

1. e4 e5 2. Nf3 Nc6 3. Bb5 a6 4. Ba4 Nf6 5. O-O Be7 6. Re1 b5 7. Bb3 d6 8. c3 O-O 9. h3 Na5 10. Bc2 c5 11. d4 Qc7 12. d5 Bd7 13. Nbd2 Rfe8 14. Nf1 Nc4 {[%emt 0:10:32] C97: Closed Ruy Lopez: Chigorin Defence: 11 d4 Qc7, sidelines.} 15. Ng3 g6 16. Nh2 Bf8 {[%emt 0:02:33] White has an edge.} 17. b3 Nb6 {[%emt 0:00:32] [#]} 18. Bg5 $146 ({Predecessor:} 18. f4 exf4 19. Bxf4 Bg7 20. Qf3 Bc8 21. Rf1 Nbd7 22. Ng4 Rf8 23. Nh6+ Kh8 24. Bg5 Qd8 25. Qf4 Qe7 26. Ng4 {1-0 Ragger,M (2528)-Mueller,M (2405) Bundesliga 0708 2007 (6.6)}) 18... Bg7 19. Qf3 Qd8 20. Ng4 Bxg4 21. hxg4 h6 22. Be3 Qc8 23. Bd1 Nh7 24. Qe2 Qd8 25. Qd2 (25. a4 $16) 25... Ng5 (25... Bf6 $14) 26. Be2 $16 Nd7 27. a4 {[%emt 0:01:55] Black is weak on the light squares} Rb8 28. axb5 axb5 29. Ra6 Qe7 30. Ra5 b4 31. Bb5 bxc3 32. Qxc3 Ra8 (32... Rb6 $16 33. b4 Reb8 34. Bxd7 Qxd7) 33. Bc6 $18 Rxa5 34. Qxa5 Rd8 35. f3 Bf8 36. Ra1 Nb8 37. Bb5 Rc8 (37... Nd7 $142 38. Qa7 Nf6) 38. Qa8 {[%emt 0:02:38] Threatens to win with Bd2.} Qd8 39. Bxg5 hxg5 {[%emt 0:00:32] [#]} 40. Ra7 {[%emt 0:01:22] Prevents Nd7. White has more active pieces. The black rooks are badly placed.} Rc7 {[%emt 0:08:44] [#] Against Qb7. This move loses the game for Black.} (40... Nc6 $2 41. Qxc6 Rxc6 42. dxc6 $18) (40... Na6 $16 {was necessary.} 41. Qb7 Nc7) 41. Rb7 $1 Rxb7 42. Qxb7 Kg7 43. Nf1 Kg8 44. Ne3 Kg7 45. Nc4 Kg8 46. Kf2 Kg7 47. Ke2 Kg8 48. Ba4 Kg7 49. Kd3 Kg8 50. Nb6 Kg7 (50... f5 $142 51. gxf5 gxf5 52. exf5 g4) 51. Kc2 (51. Nc8 Qa5 $14) 51... Kg8 52. Bb5 ({Less strong is} 52. Nc8 f5 $16) 52... Kg7 53. Kb2 {[%emt 0:00:12] Ka3 would be deadly.} (53. Nc8 Qa5 $11) 53... Kg8 $2 (53... Be7 54. Kc2 (54. Nc8 Qa5 $11) 54... Kg8) 54. Ka3 {[%emt 0:00:05] Black must now prevent Ka4. White is clearly winning.} ({Inferior is} 54. Nc8 Qa5 $11) 54... Kg7 55. Ka4 Kg8 56. Nc8 Qf6 57. Qxb8 {[%emt 0:00:13] aiming for Nb6.} Qf4 58. Ka5 Qd2+ 59. Kb6 {[%emt 0:00:20] Weighted Error Value: White=0.12 (very precise) /Black=0.35} 1-0

[Event "SixDays Budapest January-IMA 2023"]
[Site "Budapest"]
[Date "2023.01.25"]
[Round "4.1"]
[White "Ongut, Tamas Gunes"]
[Black "Baski, Barnabas"]
[Result "1-0"]
[ECO "D37"]
[WhiteElo "2340"]
[BlackElo "2188"]
[Annotator "TA"]
[PlyCount "112"]
[EventDate "2023.01.23"]
[EventType "tourn"]
[EventCountry "HUN"]
[SourceTitle "playchess.com"]
[Source "ChessBase"]
[SourceQuality "1"]
[TimeControl "5400+30"]

1. d4 d5 2. c4 e6 3. Nc3 Nf6 4. Nf3 a6 5. cxd5 exd5 6. Bg5 {[%emt 0:02:33] D37: Queen's Gambit Declined: 5 Bf4.} Be6 7. e3 Nbd7 8. Bd3 {[%emt 0:00:07] White has an edge.} Bd6 9. O-O c6 {[%emt 0:01:56] 9...c6 is better than 9...0-0.} 10. Qc2 Qc7 11. Bh4 h6 12. Bg3 O-O 13. Na4 Bxg3 14. hxg3 Rfe8 {[%emt 0:00:12] [#]} 15. Rac1 $146 ({Predecessor:} 15. b4 Ne4 16. Nc5 Bf5 17. a4 Nf8 18. Rfc1 Bh7 19. Rab1 Nd6 20. Ne5 Bxd3 21. Qxd3 {0-1 Nguyen,T (2282)-Ni,H (2691) Ho Chi Minh City HD Bank op-A 6th 2016 (5)}) 15... Ne4 16. Bxe4 dxe4 17. Nd2 f5 18. Nc5 Nxc5 (18... Bxa2 $2 19. Nxd7 Qxd7 20. b3 $18) 19. Qxc5 Qf7 20. b3 Rad8 21. Nc4 {[%emt 0:00:10] next Nd6 is good for White.} Bxc4 22. bxc4 g6 23. Rfd1 Rd7 24. Rd2 Red8 25. Rcd1 Kg7 26. a4 Qe7 27. Qb6 h5 28. d5 {[%emt 0:02:07][%cal Od5c6] Hoping for dxc6!} cxd5 29. Rxd5 Rxd5 30. cxd5 $11 {[%emt 0:04:23][%cal Bc4d5,Bd5d6][%mdl 4128] Endgame d6 is the strong threat. KQR-KQR} Rd6 31. Qc5 Qd7 ({Black should try} 31... b6 $11 32. Qc4 a5) 32. a5 Kh7 33. Rd4 Qe7 34. Qb4 {[%emt 0:10:37] Rc4 would be deadly.} Rd7 (34... Qd7 $11 {keeps the balance.}) 35. d6 $16 Qe6 36. Qc5 Kg7 37. Rd5 Kf7 38. f3 exf3 (38... Kg7 $16) 39. gxf3 $18 Qf6 40. Rd4 (40. Qc8 {looks sharper.} Qe6 41. Kg2 Kg7 42. Qc5) 40... Qe6 41. Rd2 Qf6 $2 {[%emt 0:01:50][%mdl 8192] This costs Black the game.} (41... Kg7 $16) 42. Qc8 Qd8 43. Qc4+ Kg7 44. Qe6 Qc8 $2 (44... Kh6 45. Qe5 Qf8) 45. Kg2 Qc6 46. e4 fxe4 47. fxe4 Rf7 48. Qe5+ Kh7 49. Qd5 Qd7 50. Rc2 {[%emt 0:02:21] Active counter play!} (50. Qxf7+ $142 Qxf7 51. d7) 50... Qe8 {[%emt 0:00:47] [#]} 51. Qxf7+ $3 {[%emt 0:02:43][%mdl 512] White mates.} Qxf7 {[%emt 0:00:02] KQ-KR} 52. Rc7 Kg8 53. Rxf7 Kxf7 {[%emt 0:00:06] [#]} 54. g4 $1 Ke6 {[%emt 0:00:38] [#]} (54... h4 55. g5) 55. e5 $1 h4 {[%emt 0:00:10] [#]} 56. g5 $1 Kd5 {Weighted Error Value: White=0.09 (flawless) /Black=0.47} 1-0

[Event "SixDays Budapest January-IMA 2023"]
[Site "Budapest"]
[Date "2023.01.25"]
[Round "4.2"]
[White "Orso, Miklos"]
[Black "Magold, Filip"]
[Result "0-1"]
[ECO "A06"]
[WhiteElo "2256"]
[BlackElo "2230"]
[Annotator "TA"]
[PlyCount "108"]
[EventDate "2023.01.23"]
[EventType "tourn"]
[EventCountry "HUN"]
[SourceTitle "playchess.com"]
[Source "ChessBase"]
[SourceQuality "1"]
[TimeControl "5400+30"]

1. Nf3 d5 2. b3 Nf6 3. Bb2 Bf5 4. d3 e6 5. g3 Nbd7 6. Bg2 Be7 7. O-O O-O 8. Nbd2 h6 9. Qe1 c6 {[%emt 0:02:12] A07: Réti Opening: New York and Capablanca Systems.} 10. e4 Bh7 11. Qe2 a5 {[%emt 0:03:14] The position is equal.} 12. a4 Qc7 {[%emt 0:05:45] [#]} 13. Rfc1 $146 ({Predecessor:} 13. Kh1 Nc5 14. Ne5 Na6 15. f4 Nb4 16. Rac1 Rad8 17. g4 Nd7 18. Nxd7 Qxd7 19. f5 dxe4 20. Nxe4 exf5 21. gxf5 Bxf5 {1-0 Fernandez de La Vara,A (2462)-Nasuta,G (2531) Titled Tuesday intern op 20th Sep Late blitz 2022 (10)}) 13... Rfc8 14. Nd4 dxe4 15. dxe4 e5 16. Nf5 Bc5 17. Ba3 Bxa3 18. Rxa3 Re8 {[%emt 0:05:34] Wards off Ne7+} 19. Raa1 Bxf5 20. exf5 e4 21. Re1 Nc5 22. Rad1 Rad8 (22... Re5 $5) 23. Nf1 Re5 24. Rxd8+ Qxd8 25. Rd1 Qb8 26. Ne3 b5 (26... Nd5 $11 {remains equal.}) 27. Qd2 Nb7 28. Qd4 Qc7 29. h3 (29. Qa7 $16) 29... c5 (29... bxa4 $14 30. bxa4 Nc5) 30. Qc3 $16 bxa4 31. bxa4 c4 32. g4 (32. Nxc4 Rc5 33. Bf1 Nd6 34. Rxd6 Qxd6 $17) (32. Qxc4 $6 Qxc4 33. Nxc4 Rxf5 $14) 32... Rc5 33. Bf1 Qc6 {[%emt 0:03:58] [#]} 34. Qb2 (34. Bxc4 $6 Nd6 35. Rd4 Kh7 $16) (34. Nxc4 $6 Qxa4 35. Qg3 Rxc4 36. Bxc4 Qxc4 37. Qb8+ Kh7 38. Qxb7 Qe2 $11) (34. Qd4 $1 $18) 34... h5 $2 (34... Nd5 $16) 35. Bxc4 $18 hxg4 36. Bb5 Qb6 37. hxg4 (37. Nxg4 Rxf5 38. Qd4 Qc7 $11) 37... Nd6 38. Rb1 (38. Qa3 $18) 38... Nxb5 (38... Nd5 $14) 39. axb5 $16 {[%emt 0:03:26] Hoping for Qd4.} Nd7 $2 (39... Nd5 $16) 40. c4 Ne5 {[%emt 0:00:29] [#]} 41. Qe2 (41. Qc2 $1 $18 {[%cal Rc2e4] and the rest is easy.}) 41... a4 $2 (41... Qh6 $2 42. b6 Rc8 43. Kg2 $18 (43. b7 Rb8 $11)) (41... Qd6 $16 42. Rd1 Qh6) 42. Kg2 $2 (42. Qc2 $18) 42... Nd3 $1 $11 43. Qf1 ({But not} 43. Nd5 $2 Rxd5 44. Qe3 Rd4 $19) 43... a3 44. Nd5 Qb8 {[%emt 0:00:58] And now ...a2 would win.} 45. b6 {[%emt 0:00:26] Threatens to win with b7.} Rxc4 46. b7 $2 (46. Qe2 $11) 46... a2 $19 {[%emt 0:00:23][%mdl 64] Deflection} 47. Ra1 Qxb7 48. Ne3 Ra4 49. Qd1 Ra8 (49... Qb2 $142 50. Qf1 Nxf2) 50. Qc2 Qb6 51. Nd5 $2 (51. g5) 51... Qd4 {[%emt 0:00:22][%csl LRa1,LRd5] Black is clearly winning.} 52. Nc3 e3 53. fxe3 Qxg4+ 54. Kh2 Ra6 {[%emt 0:00:07] Artfully played by Magold.   Weighted Error Value: White=0.71/Black=0.33} 0-1